[Event "Titled Tuesday Blitz May 24 Early 2022"]
[White "Vittorino, Carlo Giovanni"]
[Black "Agasarov, Benik"]
[WhiteFideId "4401247"]
[BlackFideId "13314823"]
[WhiteElo "2233"]
[BlackElo "2605"]
[Result "0-1"]
[Round "05"]
[TimeControl "180+1"]
[Date "2022.05.25"]
[WhiteClock "0:00:01"]
[BlackClock "0:00:06"]

1. d4 Nf6 2. c4 e6 3. Nc3 Bb4 4. Nf3 d5 5. a3 Bxc3+ 6. bxc3 c5 7. cxd5 exd5 8. e3 O-O 9. Bd3 Nc6 10. O-O c4 11. Be2 Ne4 12. Bb2 Bf5 13. Nd2 Re8 14. Nxe4 Bxe4 15. f3 Bg6 16. Bc1 Ne7 17. e4 b5 18. e5 Qd7 19. g4 h5 20. h3 a5 21. Bd2 Ra6 22. f4 Be4 23. f5 hxg4 24. hxg4 Nxf5 25. gxf5 Bxf5 26. Bf3 Rg6+ 27. Kf2 Qe7 28. Rh1 Qa7 29. Be3 Qd7 30. Qd2 Bg4 31. Rag1 Bxf3 32. Kxf3 Qf5+ 33. Ke2 f6 34. Bf4 Qe4+ 35. Kd1 Qb1+ 36. Qc1 Qd3+ 37. Qd2 Qf3+ 38. Kc2 Rxg1 39. Rxg1 Qe4+ 40. Kb2 b4 41. exf6 bxc3+ 42. Kxc3 Qf3+ 43. Kc2 Qb3+ 44. Kc1 Qxa3+ 45. Qb2 Qxb2+ 46. Kxb2 Re2+ 47. Kc3 g6 48. Rxg6+ Kf7 49. Rh6 a4 50. Be5 Rf2 51. Rh7+ Ke6 52. Re7+ Kf5 53. f7 Kg6 54. Rd7 a3 55. Rxd5 a2 56. Ra5 Kxf7 57. Kxc4 Ke6 58. Ra6+ Kf5 59. Kd5 Rb2 60. Rf6+ Kg5 61. Ra6 Kf5 62. Kc4 Ke4 63. Bh8 Rb8 0-1


[Site "https://www.chess.com"]

[Event "Titled Tuesday Blitz May 24 Early 2022"]
[White "Vo, Thi Kim Phung"]
[Black "Hoffmann, Asa"]
[WhiteFideId "12401838"]
[BlackFideId "2001470"]
[WhiteElo "2261"]
[BlackElo "2117"]
[Result "0-1"]
[Round "05"]
[TimeControl "180+1"]
[Date "2022.05.25"]
[WhiteClock "0:00:01"]
[BlackClock "0:00:42"]

1. d4 Nf6 2. c4 c5 3. d5 e5 4. Nc3 d6 5. Nf3 Be7 6. g3 O-O 7. Bg2 Ne8 8. O-O f5 9. Ne1 Na6 10. f4 e4 11. Nc2 Bf6 12. Be3 g6 13. Rb1 Ng7 14. g4 Bd7 15. g5 Be7 16. a3 Nc7 17. b4 b6 18. Kh1 Nh5 19. bxc5 bxc5 20. Bxc5 dxc5 21. d6 Bc6 22. dxc7 Qxc7 23. Nd5 Qd8 24. Nce3 Rf7 25. Qc2 Bf8 26. Rfd1 Qc8 27. Nf6+ Nxf6 28. gxf6 Rxf6 29. Nd5 Bxd5 30. Rxd5 Bg7 31. Rb5 Rc6 32. e3 Rb8 33. Qb3 Rbb6 34. a4 h5 35. Qd1 Kh7 36. a5 Rxb5 37. cxb5 Rc7 38. Rd8 Qb7 39. a6 Qb6 40. Qb3 c4 41. Qb4 Qc5 0-1


[Site "https://www.chess.com"]

[Event "Titled Tuesday Blitz May 24 Early 2022"]
[White "Volkov, Maksim"]
[Black "Riehle, Marco"]
[WhiteFideId "54123070"]
[BlackFideId "12904392"]
[WhiteElo "2642"]
[BlackElo "2797"]
[Result "0-1"]
[Round "05"]
[TimeControl "180+1"]
[Date "2022.05.25"]
[WhiteClock "0:00:03"]
[BlackClock "0:01:14"]

1. d4 d5 2. c4 e6 3. Nf3 Nf6 4. g3 dxc4 5. Bg2 Bb4+ 6. Bd2 a5 7. Qc2 Bxd2+ 8. Qxd2 O-O 9. Na3 b6 10. Nxc4 Bb7 11. O-O Nbd7 12. Rfd1 Rc8 13. Rac1 Qe7 14. Nfe5 Bxg2 15. Kxg2 Nxe5 16. Nxe5 Qd6 17. Rc6 Qd5+ 18. f3 Qxa2 19. Qc2 Nd5 20. Qd2 Qb3 21. Rdc1 Rfd8 22. Kf2 h6 23. e4 Qb4 24. Qxb4 Nxb4 25. Rxc7 Rxc7 26. Rxc7 f6 27. Nc6 Nxc6 28. Rxc6 Rxd4 29. Rxb6 Rd2+ 30. Kg1 e5 31. Rb5 Kf7 32. b3 Rb2 33. Rxa5 Rxb3 34. Kg2 Rb2+ 35. Kh3 Rf2 36. Ra3 h5 37. Rb3 g5 38. Ra3 Ke6 39. Ra6+ Ke7 40. Ra7+ Kf8 41. Ra8+ Kf7 42. Ra7+ Kg6 43. Ra3 Rb2 44. Rc3 Ra2 45. Rb3 Rc2 46. Ra3 Kf7 47. Ra7+ Ke6 48. Ra6+ Ke7 49. Ra7+ Kd6 50. Ra6+ Rc6 51. Ra3 Kc5 52. Rd3 Kc4 53. Rd8 Rb6 54. f4 gxf4 55. gxf4 exf4 56. Kh4 Re6 57. Kxh5 f3 58. Kg4 f2 59. Rd1 Rxe4+ 60. Kf3 Re1 0-1


[Site "https://www.chess.com"]

[Event "Titled Tuesday Blitz May 24 Early 2022"]
[White "Vusatiuk, Vladimir"]
[Black "Fernandez Hernandez, Gerardo"]
[WhiteFideId "14118610"]
[BlackFideId "2207400"]
[WhiteElo "2157"]
[BlackElo "2219"]
[Result "1-0"]
[Round "05"]
[TimeControl "180+1"]
[Date "2022.05.25"]
[WhiteClock "0:00:42"]
[BlackClock "0:00:11"]

1. d4 Nf6 2. c4 c5 3. Nf3 g6 4. g3 Bg7 5. Bg2 O-O 6. O-O d6 7. Nc3 Nc6 8. d5 Na5 9. Qd3 b5 10. cxb5 a6 11. a4 c4 12. Qd1 Nb3 13. Ra3 Bd7 14. Nd2 axb5 15. axb5 Rxa3 16. bxa3 Nxd2 17. Bxd2 Qa5 18. a4 Ra8 19. Qc2 Bf5 20. e4 Bg4 21. Rb1 Qb6 22. Be3 Qa5 23. Bd4 Nd7 24. Bxg7 Kxg7 25. Qd2 Nc5 26. Qd4+ f6 27. Qxc4 Nxa4 28. Ra1 Nxc3 29. Rxa5 Ne2+ 30. Qxe2 Rxa5 31. Qxg4 Ra1+ 32. Bf1 1-0


[Site "https://www.chess.com"]

[Event "Titled Tuesday Blitz May 24 Early 2022"]
[White "Wadsworth, Matthew J"]
[Black "Kovalev, Vladislav"]
[WhiteFideId "415804"]
[BlackFideId "13504398"]
[WhiteElo "2294"]
[BlackElo "2530"]
[Result "0-1"]
[Round "05"]
[TimeControl "180+1"]
[Date "2022.05.24"]
[WhiteClock "0:00:10"]
[BlackClock "0:00:04"]

1. Nf3 Nf6 2. g3 g6 3. Bg2 Bg7 4. O-O O-O 5. c4 d6 6. Nc3 e5 7. d3 Nc6 8. Rb1 a5 9. a3 h6 10. b4 axb4 11. axb4 Be6 12. b5 Ne7 13. Bb2 Qc8 14. Qb3 Bh3 15. Ra1 Bxg2 16. Kxg2 Qe6 17. Rxa8 Rxa8 18. Ra1 Rxa1 19. Bxa1 e4 20. Nd2 e3 21. fxe3 Qxe3 22. Nf1 Qe6 23. Qa2 Ng4 24. Ne4 Bxa1 25. Qxa1 f5 26. Nc3 Kf7 27. Qc1 g5 28. h3 Nf6 29. Qe3 Ng6 30. Qa7 Qe5 31. d4 Qe6 32. d5 Qe5 33. Qxb7 Qxc3 34. Qxc7+ Ne7 35. b6 Qb2 36. b7 Ne4 37. Kf3 Qc1 38. Kg2 Qb2 39. Kf3 Qd4 40. Ne3 Nd2+ 41. Kf2 Ne4+ 42. Kf3 Nd2+ 43. Kf2 f4 44. gxf4 Qxf4+ 45. Kg2 Qxe3 46. b8=Q Qxe2+ 47. Kg3 Ne4# 0-1


[Site "https://www.chess.com"]

[Event "Titled Tuesday Blitz May 24 Early 2022"]
[White "Warchol, Kamil"]
[Black "Gronnestad, Anita"]
[WhiteFideId "21858241"]
[BlackFideId "1502972"]
[WhiteElo "1951"]
[BlackElo "1933"]
[Result "1-0"]
[Round "05"]
[TimeControl "180+1"]
[Date "2022.05.25"]
[WhiteClock "0:00:25"]
[BlackClock "0:00:13"]

1. e4 c5 2. Nf3 Nc6 3. Bb5 Nd4 4. Nxd4 cxd4 5. c3 e5 6. cxd4 exd4 7. O-O Nf6 8. e5 Nd5 9. Qf3 Nc7 10. Bc4 Ne6 11. d3 d6 12. exd6 Bxd6 13. Bb5+ Kf8 14. Nd2 a6 15. Bc4 Qc7 16. h3 Bd7 17. Ne4 Be5 18. Bd2 b5 19. Bb3 Re8 20. Rac1 Qb8 21. Rfe1 Kg8 22. Nc5 Bc8 23. Bxe6 fxe6 24. Qc6 Bh2+ 25. Kh1 Rf8 26. Nxe6 Bb7 27. Qd7 Rf7 28. Qd8+ Qxd8 29. Nxd8 Rxf2 30. Re8+ Rf8 31. Rce1 Bg3 32. Bb4 1-0


[Site "https://www.chess.com"]

[Event "Titled Tuesday Blitz May 24 Early 2022"]
[White "Winkels, Marcel"]
[Black "Mestnikov, Aisen"]
[WhiteFideId "1003887"]
[BlackFideId "34130117"]
[WhiteElo "1900"]
[BlackElo "2027"]
[Result "0-1"]
[Round "05"]
[TimeControl "180+1"]
[Date "2022.05.25"]
[WhiteClock "0:00:37"]
[BlackClock "0:00:06"]

1. e4 e5 2. Nf3 Nc6 3. Bc4 Nf6 4. d3 Bc5 5. c3 a6 6. O-O d6 7. a4 Ba7 8. Nbd2 O-O 9. Re1 h6 10. h3 Ne7 11. Nf1 Ng6 12. Ng3 b5 13. Bb3 Bd7 14. Be3 Nf4 15. Bxf4 exf4 16. Nf5 Bxf5 17. exf5 Qd7 18. Nh4 d5 19. d4 c5 20. Qd2 Qd6 21. Bc2 b4 22. Re5 Qb6 23. Rd1 Rad8 24. Qxf4 Bb8 25. Nf3 Ne4 26. Bxe4 dxe4 27. Qxe4 Bxe5 28. Nxe5 bxc3 29. bxc3 cxd4 30. cxd4 Rfe8 31. Qf4 Qb3 32. Re1 Qc3 33. Rd1 Qc2 34. Rd2 Qc1+ 35. Kh2 Rxe5 36. dxe5 Qxd2 37. Qh4 Qg5 38. Qe4 Re8 39. e6 fxe6 40. fxe6 Qf6 41. Qc4 Rxe6 42. a5 Kh7 43. f4 Rc6 44. Qd3+ Kg8 45. Qd5+ Qe6 46. Qd8+ Kh7 47. Qd3+ Qg6 48. Qd5 Rf6 49. g3 Qf5 50. h4 Qxd5 0-1


[Site "https://www.chess.com"]

[Event "Titled Tuesday Blitz May 24 Early 2022"]
[White "Xiong, Jeffery"]
[Black "Gaehwiler, Gabriel"]
[WhiteFideId "2047640"]
[BlackFideId "1314530"]
[WhiteElo "2727"]
[BlackElo "2383"]
[Result "1-0"]
[Round "05"]
[TimeControl "180+1"]
[Date "2022.05.24"]
[WhiteClock "0:00:05"]
[BlackClock "0:00:03"]

1. e4 c5 2. Nf3 d6 3. Nc3 Nf6 4. d4 cxd4 5. Qxd4 Nc6 6. Qd3 g6 7. Nd5 Bg7 8. c3 O-O 9. Bg5 Be6 10. Be2 Ne5 11. Nxe5 dxe5 12. Rd1 Bxd5 13. exd5 Ne8 14. c4 Rc8 15. b4 b6 16. O-O f5 17. Rc1 e4 18. Qb3 Bf6 19. Bd2 Be5 20. c5 Nf6 21. Ba6 Rb8 22. d6+ Kg7 23. Bc3 exd6 24. c6 Qc7 25. Rfd1 Rbd8 26. a4 Rfe8 27. h3 e3 28. fxe3 Ne4 29. Bxe5+ Rxe5 30. Be2 Rde8 31. Qd3 a5 32. b5 R8e6 33. Qd4 Nc5 34. Bc4 Rf6 35. Ba2 h5 36. Bd5 Qe7 37. Rc3 Rf8 38. Bf3 Rf6 39. Kh1 Kh7 40. Qf4 Ne6 41. Qh4 Nc5 42. Rd5 Rxd5 43. Bxd5 Re6 44. Qxe7+ Rxe7 45. Kg1 Kg7 46. Kf2 Kf6 47. Bf3 Rc7 48. Rc4 Ke5 49. Rd4 Ke6 50. Kg3 Ke5 51. Kh4 Ne6 52. Rd5+ Kf6 53. Rxd6 Ke7 54. Rd5 Kf6 55. Rd6 Ke7 56. Rd2 Kf6 57. Bd5 Nc5 58. Bc4 Re7 59. Rd6+ Ke5 60. Rxg6 Ke4 61. Kxh5 Kxe3 62. Kh6 Kd4 63. Rg7 Re8 64. Bf7 Rc8 65. Bg6 Ke5 66. Rf7 Rh8+ 67. Kg7 Ne6+ 68. Kxh8 f4 69. Rf5+ 1-0


[Site "https://www.chess.com"]

[Event "Titled Tuesday Blitz May 24 Early 2022"]
[White "Yeletsky, Ivan"]
[Black "Kruckenhauser, Arthur"]
[WhiteFideId "24180327"]
[BlackFideId "1642812"]
[WhiteElo "2319"]
[BlackElo "2243"]
[Result "1-0"]
[Round "05"]
[TimeControl "180+1"]
[Date "2022.05.24"]
[WhiteClock "0:01:21"]
[BlackClock "0:00:22"]

1. e4 c5 2. a4 Nc6 3. Bb5 g6 4. h4 h5 5. Ra3 Bg7 6. Rg3 Nd4 7. Bc4 e6 8. Nc3 Ne7 9. d3 d5 10. Ba2 b6 11. Nf3 dxe4 12. dxe4 Ba6 13. Nxd4 Bxd4 14. Nb5 Bxb5 15. axb5 Qc7 16. c3 Be5 17. Rd3 Bf4 18. O-O Bxc1 19. Qxc1 O-O 20. Rfd1 Rad8 21. Qd2 Rxd3 22. Qxd3 Qf4 23. g3 Qg4 24. Kg2 e5 25. f3 Qc8 26. Qd6 Qe8 27. Bc4 Nc8 28. Qxg6+ 1-0


[Site "https://www.chess.com"]

[Event "Titled Tuesday Blitz May 24 Early 2022"]
[White "Yuan, Qingyu"]
[Black "Livaic, Leon"]
[WhiteFideId "8609772"]
[BlackFideId "14531534"]
[WhiteElo "2359"]
[BlackElo "2540"]
[Result "0-1"]
[Round "05"]
[TimeControl "180+1"]
[Date "2022.05.24"]
[WhiteClock "0:00:30"]
[BlackClock "0:01:14"]

1. e4 c6 2. Nf3 d5 3. Nc3 Bg4 4. h3 Bxf3 5. Qxf3 e6 6. Be2 Nf6 7. O-O Bc5 8. exd5 cxd5 9. Rd1 Nc6 10. Bb5 O-O 11. Ne2 Qb6 12. Bxc6 bxc6 13. d4 Bd6 14. b3 Ne4 15. c4 Qb7 16. Bf4 Bxf4 17. Nxf4 a5 18. Nh5 a4 19. Rab1 axb3 20. axb3 Ra2 21. Re1 Rxf2 22. Qg4 f5 23. Qh4 g5 24. Qxf2 Nxf2 25. Kxf2 Qf7 26. Ng3 f4 27. Nf1 Ra8 28. Re2 Qf6 29. Rd1 Ra1 30. Rd3 Qf5 31. Red2 Qe4 32. Rd1 Rxd1 33. Rxd1 Qc2+ 34. Rd2 Qxb3 35. c5 Qc3 36. Ke2 Kf7 37. Nh2 Qe3+ 38. Kd1 Qg1+ 39. Kc2 Qxh2 40. g4 fxg3 41. Rxh2 gxh2 42. Kd2 h1=Q 43. Ke3 Qe4+ 44. Kf2 Qxd4+ 45. Kg3 Qxc5 46. Kg4 Qc4+ 47. Kh5 Qh4# 0-1


[Site "https://www.chess.com"]

[Event "Titled Tuesday Blitz May 24 Early 2022"]
[White "Zakhartsov, Vladimir"]
[Black "Artemenko, Oleg"]
[WhiteFideId "4145097"]
[BlackFideId "14201798"]
[WhiteElo "2836"]
[BlackElo "2669"]
[Result "1/2-1/2"]
[Round "05"]
[TimeControl "180+1"]
[Date "2022.05.25"]
[WhiteClock "0:00:07"]
[BlackClock "0:00:10"]

1. c4 e5 2. Nc3 Nc6 3. g3 Bc5 4. Bg2 d6 5. e3 a6 6. Nge2 Nf6 7. O-O h5 8. d4 Ba7 9. h3 O-O 10. b3 Re8 11. Bb2 Bf5 12. Nd5 exd4 13. Nxd4 Nxd4 14. Bxd4 Bxd4 15. Qxd4 Nxd5 16. cxd5 Qg5 17. Rac1 Re7 18. Rc3 Qg6 19. Rfc1 Rc8 20. Qa7 b6 21. Rxc7 Rcxc7 22. Rxc7 Rxc7 23. Qxc7 Qf6 24. e4 Bg6 25. Qxb6 Qa1+ 26. Kh2 Qxa2 27. b4 Qc2 28. Qd4 h4 29. gxh4 f6 30. Kg3 Be8 31. Qb6 Qc3+ 32. f3 Qe5+ 33. Kf2 Qb2+ 34. Kg1 Qa1+ 35. Kh2 Qe5+ 36. Kh1 Qa1+ 37. Qg1 Qb2 38. Qe1 Bb5 39. h5 Kh7 40. Qg3 Be8 41. Qxd6 Bxh5 42. Qxa6 Qb1+ 43. Qf1 Qxb4 44. Qd1 Qxe4 45. d6 Qe8 46. d7 Qd8 47. Qd6 Bg6 48. Qd5 f5 49. Bf1 f4 50. Bc4 Kh6 51. Qd6 Qh4 52. d8=Q Qxh3+ 53. Kg1 Qg3+ 54. Kf1 Qxf3+ 55. Ke1 Qg3+ 56. Kd2 Qe3+ 57. Kd1 Qg1+ 58. Ke2 Qe3+ 59. Kf1 Qf3+ 60. Ke1 Qe3+ 61. Be2 Qg1+ 62. Bf1 Qe3+ 63. Kd1 Qb3+ 64. Ke2 Qe3+ 65. Kd1 Qb3+ 66. Ke1 Qg3+ 67. Ke2 Qe3+ 68. Kd1 1/2-1/2


[Site "https://www.chess.com"]

[Event "Titled Tuesday Blitz May 24 Early 2022"]
[White "Zaksaite, Salomeja"]
[Black "Zorbos"]
[WhiteFideId "12801496"]
[WhiteElo "1953"]
[BlackElo "2476"]
[Result "0-1"]
[Round "05"]
[TimeControl "180+1"]
[Date "2022.05.25"]
[WhiteClock "0:00:02"]
[BlackClock "0:01:38"]

1. e4 c6 2. d4 d6 3. Nc3 Nd7 4. Be3 e5 5. Bd3 Ngf6 6. f3 g6 7. Nge2 Bg7 8. O-O O-O 9. Qd2 b5 10. a3 a6 11. Rad1 Bb7 12. Nb1 Qc7 13. c3 Rfe8 14. Qe1 Rad8 15. Qf2 c5 16. Rd2 d5 17. dxc5 Nb8 18. Ng3 h5 19. Bg5 Rd7 20. b4 Nh7 21. h4 Nxg5 22. hxg5 Qd8 23. exd5 Bxd5 24. Ne4 Bxe4 25. Bxe4 Qxg5 26. Rxd7 Nxd7 27. Bc6 Re7 28. Rd1 Nf6 29. Qd2 Qh4 30. Qd8+ Ne8 31. Bxe8 Bh6 32. Bxf7+ Kxf7 33. Qd3 Bf4 34. Nd2 Qh2+ 35. Kf1 Bg3 36. Ne4 Qh1+ 37. Ke2 Qxg2+ 0-1


[Site "https://www.chess.com"]

[Event "Titled Tuesday Blitz May 24 Early 2022"]
[White "Zavgorodniy, Sergiy"]
[Black "Harris, Ian"]
[WhiteFideId "14110148"]
[BlackFideId "2020092"]
[WhiteElo "2420"]
[BlackElo "2435"]
[Result "1-0"]
[Round "05"]
[TimeControl "180+1"]
[Date "2022.05.25"]
[WhiteClock "0:00:59"]
[BlackClock "0:00:10"]

1. e4 e5 2. Nf3 Nc6 3. Bb5 f5 4. d3 fxe4 5. dxe4 Nf6 6. Bg5 Bc5 7. Nc3 d6 8. Nd5 Be6 9. Bxf6 gxf6 10. Nh4 a6 11. Bc4 Bf7 12. Nf5 b5 13. Bb3 Nd4 14. Nxd4 Bxd4 15. c3 Bc5 16. Qf3 Bxd5 17. Bxd5 Rb8 18. Qh5+ Kd7 19. Qg4+ Ke8 20. Qg7 Qe7 21. Bc6+ 1-0


[Site "https://www.chess.com"]

[Event "Titled Tuesday Blitz May 24 Early 2022"]
[White "Zemlyanskii, Ivan"]
[Black "Tomaszewski, Kacper"]
[WhiteFideId "24249971"]
[BlackFideId "1127373"]
[WhiteElo "1815"]
[BlackElo "2153"]
[Result "1/2-1/2"]
[Round "05"]
[TimeControl "180+1"]
[Date "2022.05.25"]
[WhiteClock "0:00:17"]
[BlackClock "0:01:54"]

1. d4 d5 2. c4 e6 3. Nf3 Nf6 4. e3 c5 5. cxd5 Nxd5 6. e4 Nf6 7. Nc3 cxd4 8. Nxd4 Be7 9. Be2 O-O 10. O-O a6 11. a4 b6 12. e5 Nfd7 13. Bf3 Ra7 14. Re1 Bb7 15. Bf4 Qc8 16. Rc1 Bxf3 17. Qxf3 Rc7 18. Qg4 Re8 19. Ne4 Rxc1 20. Rxc1 Qb7 21. Nxe6 fxe6 22. Qxe6+ Kf8 23. Qf5+ Kg8 24. Qe6+ Kf8 25. Qf5+ Kg8 26. Qe6+ 1/2-1/2


[Site "https://www.chess.com"]

[Event "Titled Tuesday Blitz May 24 Early 2022"]
[White "Agasarov, Benik"]
[Black "Rios Escobar, Adan"]
[WhiteFideId "13314823"]
[BlackFideId "3403645"]
[WhiteElo "2608"]
[BlackElo "2410"]
[Result "1-0"]
[Round "06"]
[TimeControl "180+1"]
[Date "2022.05.25"]
[WhiteClock "0:00:04"]
[BlackClock "0:00:01"]

1. e4 c5 2. Nf3 d6 3. d4 cxd4 4. Nxd4 Nf6 5. Nc3 a6 6. Bg5 Nbd7 7. Qe2 g6 8. O-O-O Bg7 9. f4 O-O 10. e5 dxe5 11. fxe5 Qa5 12. Bxf6 exf6 13. e6 Ne5 14. Nb3 Qb4 15. Nd5 Qa4 16. e7 Re8 17. Kb1 Bg4 18. Qd2 Bxd1 19. Nc7 Rac8 20. Bb5 axb5 21. Nxe8 Bxc2+ 22. Qxc2 Rxc2 23. Nxf6+ Bxf6 24. e8=Q+ Kg7 25. Kxc2 Nc4 26. Kb1 Nxb2 27. Rf1 Qh4 28. Qe2 Nc4 29. Qf2 Qxh2 30. Qxf6+ Kh6 31. Qf4+ Qxf4 32. Rxf4 f5 33. Nd4 Ne3 34. g3 Nd5 35. Rf2 b4 36. Nf3 Nc3+ 37. Kc2 Ne4 38. Rh2+ Kg7 39. Rg2 h5 40. Kb3 b6 41. Kxb4 g5 42. Kb5 g4 43. Nd4 Kg6 44. Kxb6 Kg5 45. a4 f4 46. Ne6+ Kf5 47. Nxf4 Nxg3 48. Nd3 h4 49. a5 Ke4 50. Ne1 1-0


[Site "https://www.chess.com"]

[Event "Titled Tuesday Blitz May 24 Early 2022"]
[White "Ajay Krishna, S"]
[Black "Korchmar, Vasiliy"]
[WhiteFideId "5096430"]
[BlackFideId "24131750"]
[WhiteElo "2247"]
[BlackElo "2370"]
[Result "0-1"]
[Round "06"]
[TimeControl "180+1"]
[Date "2022.05.25"]
[WhiteClock "0:00:02"]
[BlackClock "0:00:30"]

1. d4 d5 2. c4 c6 3. Nf3 Nf6 4. e3 Bg4 5. h3 Bh5 6. Nc3 e6 7. g4 Bg6 8. Ne5 Nbd7 9. h4 h5 10. Nxg6 fxg6 11. g5 Ng8 12. Qc2 Ne7 13. e4 dxe4 14. Qxe4 Qb6 15. c5 Qb4 16. Bh3 O-O-O 17. Bxe6 Nf5 18. a3 Qa5 19. b4 Qa6 20. Bf4 Be7 21. Qe5 Bd6 22. cxd6 Rhe8 23. Kd2 Rxe6 24. Qxe6 Nxd4 25. Qf7 Rf8 26. Qe7 Qc4 27. Rhe1 Nb3+ 28. Kc2 Nxa1+ 29. Rxa1 Qxf4 30. Re1 b6 31. b5 cxb5 32. Re4 Qxf2+ 33. Re2 Qc5 34. Kb2 b4 35. axb4 Qxb4+ 36. Kc2 Qg4 37. Kb3 Kb8 38. Kb2 Rc8 39. Qe4 Qg3 40. Qd4 Qf3 41. Re7 Qc6 42. Ne4 Qb5+ 43. Ka3 Rc4 0-1


[Site "https://www.chess.com"]

[Event "Titled Tuesday Blitz May 24 Early 2022"]
[White "Alinasab, Mobina"]
[Black "Rostovtsev, Dmitry"]
[WhiteFideId "12528897"]
[BlackFideId "34278320"]
[WhiteElo "2031"]
[BlackElo "2274"]
[Result "0-1"]
[Round "06"]
[TimeControl "180+1"]
[Date "2022.05.25"]
[WhiteClock "0:00:01"]
[BlackClock "0:00:05"]

1. Nf3 Nf6 2. g3 g6 3. b3 Bg7 4. Bb2 O-O 5. d4 d6 6. Bg2 e5 7. dxe5 dxe5 8. Qxd8 Rxd8 9. Bxe5 Nc6 10. Bc3 Ne4 11. Bxg7 Kxg7 12. O-O Nb4 13. Na3 Nc3 14. Rfe1 c6 15. e3 c5 16. Bf1 Bf5 17. Ne5 f6 18. Nd3 Nxd3 19. cxd3 Bxd3 20. Bxd3 Rxd3 21. Rac1 b5 22. Rc2 Rad8 23. Kg2 a6 24. Rec1 Ne4 25. Nb1 R8d5 26. f3 Nd2 27. e4 R5d4 28. Rxc5 Nxf3 29. Nc3 Ng5 30. Rc2 Rd2+ 31. Rxd2 Rxd2+ 32. Kf1 Nf3 33. Ne2 Nxh2+ 34. Kf2 Rxa2 35. Rc7+ Kh6 36. Ke3 Ng4+ 37. Kd3 Ne5+ 38. Ke3 Rb2 39. Nd4 Rg2 40. Ne2 Rh2 41. Ra7 Ng4+ 42. Kd3 Ne5+ 43. Ke3 Rh1 44. Rxa6 Rb1 45. Nd4 Kg5 46. Rb6 h5 47. Rxb5 Rb2 48. Nf3+ Kg4 49. Nxe5+ fxe5 50. Rb6 g5 51. b4 Kxg3 52. b5 Rb3+ 53. Ke2 h4 54. Rg6 g4 55. b6 h3 56. Rh6 h2 57. Kd2 Rxb6 0-1


[Site "https://www.chess.com"]

[Event "Titled Tuesday Blitz May 24 Early 2022"]
[White "Al-Tarboush, Ward"]
[Black "Borawski, Jakub"]
[WhiteFideId "7601450"]
[BlackFideId "1143000"]
[WhiteElo "2294"]
[BlackElo "2020"]
[Result "1-0"]
[Round "06"]
[TimeControl "180+1"]
[Date "2022.05.25"]
[WhiteClock "0:00:05"]
[BlackClock "0:00:05"]

1. e4 e5 2. Nf3 Nc6 3. Bb5 a6 4. Ba4 Nf6 5. O-O Be7 6. Re1 b5 7. Bb3 d6 8. c3 O-O 9. h3 Nb8 10. d4 Nbd7 11. Nbd2 Bb7 12. a4 h6 13. Qe2 c6 14. Nh4 Re8 15. Nf5 Bf8 16. Nf3 exd4 17. N3xd4 Rxe4 18. Be3 c5 19. Nf3 c4 20. Bc2 Re8 21. N3d4 Ne5 22. axb5 axb5 23. Nxb5 Rxa1 24. Rxa1 Ng6 25. Qd2 Ne4 26. Bxe4 Bxe4 27. Nfxd6 Bc6 28. Nxe8 Qxe8 29. Nd6 Qe5 30. Rd1 Nh4 31. f4 Qh5 32. g4 Qg6 33. f5 Qf6 34. Qf2 Nf3+ 35. Kf1 Bxd6 36. Bd4 Qe5 37. Bxe5 Bxe5 38. Rd8+ Kh7 39. Qe3 Nh2+ 40. Kg1 Nf3+ 41. Kf2 Ng5 42. h4 Bf6 43. hxg5 Bxd8 44. Qe5 Bxg5 45. Qh2 Be4 46. Qc7 Bd3 47. b4 Bh4+ 48. Ke3 Be1 49. Kd4 Bf2+ 50. Kd5 Be2 51. Qxf7 Bf3+ 52. Kxc4 Be2+ 53. Kd5 Bxg4 54. Qg6+ Kh8 55. Qxg4 1-0


[Site "https://www.chess.com"]

[Event "Titled Tuesday Blitz May 24 Early 2022"]
[White "Ambartsumova, Karina"]
[Black "Van den Dikkenberg, Erik"]
[WhiteFideId "4166299"]
[BlackFideId "1005880"]
[WhiteElo "2262"]
[BlackElo "2118"]
[Result "1/2-1/2"]
[Round "06"]
[TimeControl "180+1"]
[Date "2022.05.25"]
[WhiteClock "0:00:08"]
[BlackClock "0:00:46"]

1. e4 e5 2. Nf3 Nf6 3. Nxe5 Nxe4 4. Qe2 Qe7 5. Qxe4 d6 6. d4 dxe5 7. dxe5 Nc6 8. Bf4 g5 9. Bg3 f5 10. Qe2 f4 11. Qh5+ Qf7 12. Qxg5 fxg3 13. hxg3 Qf5 14. Qxf5 Bxf5 15. Nc3 Bxc2 16. Rc1 Bf5 17. Bb5 Bb4 18. Rh4 Bxc3+ 19. Rxc3 Bd7 20. e6 Bxe6 21. Re4 Kf7 22. Rf3+ Kg7 23. Bxc6 bxc6 24. Rxe6 Rhe8 25. Rfe3 Reb8 26. Rxc6 Rxb2 27. Rxc7+ Kg8 28. Ree7 Rxa2 29. Rg7+ Kf8 30. Rxh7 Re8+ 31. Kd1 Kg8 32. Rxa7 Rxf2 33. Rag7+ Kf8 34. Rg4 Rd8+ 35. Ke1 Rdd2 36. Rf4+ Rxf4 37. gxf4 Rxg2 38. Kf1 Rg4 39. Ke2 Rxf4 40. Ke3 Rf6 41. Rh3 Re6+ 42. Kf2 Kf7 43. Rf3+ Rf6 44. Rxf6+ Kxf6 1/2-1/2


[Site "https://www.chess.com"]

[Event "Titled Tuesday Blitz May 24 Early 2022"]
[White "Araujo Filho, Luiz Antonio Coel"]
[Black "Martin Carmona, Gaston Manuel"]
[WhiteFideId "2130661"]
[BlackFideId "22284567"]
[WhiteElo "2257"]
[BlackElo "2162"]
[Result "0-1"]
[Round "06"]
[TimeControl "180+1"]
[Date "2022.05.25"]
[WhiteClock "0:00:03"]
[BlackClock "0:01:24"]

1. d4 Nf6 2. Nf3 e6 3. e3 d5 4. Bd3 c5 5. c3 Nc6 6. Nbd2 Bd6 7. Qe2 e5 8. dxc5 Bxc5 9. e4 O-O 10. h3 h6 11. O-O Re8 12. Rd1 Be6 13. b4 Bb6 14. b5 Na5 15. Nxe5 Bxh3 16. gxh3 Rxe5 17. Nf3 Re8 18. e5 Nd7 19. Bc2 Nc5 20. Kh2 Nc4 21. Rg1 Kh8 22. Be3 Nxe5 23. Bxc5 Ng4+ 24. Rxg4 Rxe2 0-1


[Site "https://www.chess.com"]

[Event "Titled Tuesday Blitz May 24 Early 2022"]
[White "Artemenko, Oleg"]
[Black "Mortazavi, Ali"]
[WhiteFideId "14201798"]
[BlackFideId "401323"]
[WhiteElo "2287"]
[BlackElo "2339"]
[Result "1-0"]
[Round "06"]
[TimeControl "180+1"]
[Date "2022.05.25"]
[WhiteClock "0:00:21"]
[BlackClock "0:00:01"]

1. e4 c6 2. d4 d5 3. exd5 cxd5 4. Nc3 Nf6 5. Bf4 g6 6. Qd2 Bf5 7. f3 Nc6 8. g4 Be6 9. h4 h5 10. g5 Nd7 11. Nge2 Bg7 12. Be3 Nb6 13. Nf4 Bf5 14. O-O-O Rc8 15. Bd3 e6 16. Qe2 O-O 17. Kb1 Re8 18. Qf2 Nb4 19. Bxf5 exf5 20. Rhe1 Rxc3 21. bxc3 Nc6 22. Bc1 Rxe1 23. Rxe1 Nc4 24. Qe2 Qb6+ 25. Ka1 Qa5 26. Qd3 Kh7 27. Re8 Nd6 28. Ra8 Nb5 29. Bb2 Nc7 30. Rc8 Ne7 31. Rd8 Nc6 32. Rd7 Kg8 33. Qe2 Qb6 34. Nxd5 Nxd5 35. Qe8+ Kh7 36. Qxf7 Nde7 37. c4 Qb4 38. Qe6 Ne5 39. a3 Qe1+ 40. Ka2 Nxf3 41. Qxe1 Nxe1 42. Rxe7 f4 43. d5 f3 44. Rxg7+ 1-0


[Site "https://www.chess.com"]

[Event "Titled Tuesday Blitz May 24 Early 2022"]
[White "Avazkhonov, Alikhon"]
[Black "Winkels, Marcel"]
[WhiteFideId "14208504"]
[BlackFideId "1003887"]
[WhiteElo "1739"]
[BlackElo "1900"]
[Result "0-1"]
[Round "06"]
[TimeControl "180+1"]
[Date "2022.05.25"]
[WhiteClock "0:00:03"]
[BlackClock "0:00:45"]

1. f4 c5 2. Nf3 Nc6 3. g3 g6 4. Bg2 Bg7 5. O-O d6 6. d3 e6 7. e4 Nge7 8. Nc3 O-O 9. h3 Rb8 10. Ne2 b5 11. c3 b4 12. Be3 bxc3 13. bxc3 Rb2 14. Rf2 Ba6 15. d4 cxd4 16. cxd4 d5 17. Ne5 Nxe5 18. dxe5 dxe4 19. Nc3 Rxf2 20. Bxf2 Bd3 21. Nxe4 Bxe4 22. Qxd8 Rxd8 23. Bxe4 Nd5 24. Bxa7 Nc3 25. Bc2 Ra8 26. Bd4 Ne2+ 27. Kf2 Nxd4 28. Be4 Ra3 29. g4 Nb5 30. g5 Nc3 31. Bc2 Rxa2 32. Rxa2 Nxa2 33. Ke3 Nb4 34. Bb3 Kf8 35. Kd4 Ke7 36. Kc5 Nd3+ 37. Kc6 Nxf4 38. h4 Bxe5 39. Bc2 Ng2 0-1


[Site "https://www.chess.com"]